 Seeded DCSS version 0.26.1-2-gb8aa6d0cf2 (webtiles) character file.

Game seed: 13580442721858370627 (custom seed)

21 jmmainvi the Sneak (level 2, 13/13 HPs)
             Began as a Spriggan Enchanter on Feb 14, 2021.
             Was an Initiate of Nemelex Xobeh.
             Quit the game on level 1 of the Dungeon.
             The game lasted 00:02:32 (880 turns).

jmmainvi the Sneak (Spriggan Enchanter)              Turns: 880, Time: 00:02:33

Health: 13/13      AC:  2    Str:  4    XL:     2   Next: 62%
Magic:  6/6        EV: 18    Int: 16    God:    Nemelex Xobeh [......]
Gold:   56         SH:  0    Dex: 16    Spells: 3/6 levels left

rFire    . . .     SeeInvis +   a - +1 dagger
rCold    . . .     Faith    .   (shield restricted)
rNeg     . . .     Spirit   .   b - +0 robe
rPois    .         Reflect  .   (helmet restricted)
rElec    .         Harm     .   (no cloak)
rCorr    .         Rampage  .   (gloves unavailable)
Will     .....                  (boots unavailable)
Stlth    +++.......             (no amulet)
HPRegen  0.04/turn              (no ring)
MPRegen  0.10/turn              (no ring)

@: very quick
A: very small, unfitting armour, see invisible, speed 3
a: Renounce Religion, Draw Escape, Draw Destruction, Draw Summoning


You were on level 1 of the Dungeon.
You worshipped Nemelex Xobeh.
Nemelex Xobeh was noncommittal.
You visited 1 branch of the dungeon, and saw 1 of its levels.

You collected 56 gold pieces.

Inventory:

Hand Weapons
 a - a +1 dagger (weapon)
Armour
 b - a +0 robe (worn)
Jewellery
 e - an uncursed ring of protection from fire {unknown}
 h - an uncursed amulet of the acrobat {unknown}
Scrolls
 d - 2 scrolls of identify {unknown}
 g - a scroll of enchant armour {unknown}
Potions
 c - a potion of might {unknown}
 f - a potion of degeneration {unknown}


   Skills:
 - Level 1.1 Short Blades
 - Level 3.0 Dodging
 + Level 5.3 Stealth
 - Level 2.6 Spellcasting
 + Level 4.0 Hexes
 * Level 0.4 Ice Magic
 + Level 0.1 Invocations


You had 3 spell levels left.
You knew the following spells:

 Your Spells              Type           Power        Failure   Level
a - Corona                Hex            16%          3%          1
b - Ensorcelled Hibernat  Hex/Ice        18%          12%         2

Your spell library contained the following spells:

 Spells                   Type           Power        Failure   Level
 Confusing Touch          Hex            15%          11%         3
 Tukima's Dance           Hex            15%          11%         3
 Dazzling Flash           Conj/Hex       16%          26%         3


Dungeon Overview and Level Annotations

Branches:
Dungeon (1/15)

Altars:
Nemelex Xobeh


Innate Abilities, Weirdness & Mutations

You are very small and have problems with some larger weapons.
You are too small for most types of armour.
You have supernaturally acute eyesight. (SInv)
You cover ground extremely quickly.


Message History

You kill the rat!
There is a stone staircase leading down here.
You see here a goblin corpse.
Found 16 gold pieces.
You now have 56 gold pieces (gained 16).
Magic restored.
h - a dented soapstone amulet You see here a giant cockroach corpse.
You see here a bat corpse.
You see here 16 stones.
Found a scale mail.
A goblin comes into view.
A hobgoblin comes into view.
The helpless goblin fails to defend itself.
You impale the goblin!!
You kill the goblin!
The helpless hobgoblin fails to defend itself.
You impale the hobgoblin!!
You kill the hobgoblin!
Are you sure you want to abandon this character and quit the game? (Confirm with "yes".)

. #+# # . #.# ##.. #.#
... ##.## ... ##.†.##
### #.######## #.....#
##### #......@.#
##..[## ....##
########.#####.#######
.....# #..............
##...# #######.#######
# #..# #.# ###..# #.#
##...# #.# .....# #.#
....'## #.#


There were no monsters in sight!

Vanquished Creatures
  An ooze (D:1)
  A dart slug (D:1)
  A leopard gecko (D:1)
  2 bats (D:1)
  2 giant cockroaches (D:1)
  2 hobgoblins (D:1)
  2 goblins (D:1)
  2 rats (D:1)
13 creatures vanquished.

Notes
Turn   | Place    | Note
-------+----------+-------------------------------------------
     0 | D:1      | jmmainvi the Spriggan Enchanter began the quest for the
                  | Orb.
     0 | D:1      | Reached XP level 1. HP: 9/9 MP: 5/5
   204 | D:1      | Reached skill level 5 in Stealth
   204 | D:1      | Reached XP level 2. HP: 6/13 MP: 4/6
   374 | D:1      | Learned a level 2 spell: Ensorcelled Hibernation
   610 | D:1      | Found a sparkling altar of Nemelex Xobeh.
   614 | D:1      | Became a worshipper of Nemelex Xobeh the Trickster
   880 | D:1      | Quit the game

Illustrated notes

Levels and vault maps discovered:
D:1:      minmay_arrival_four_loops, layout_loops_corners,
          nemelex_diamond_rough_becter

Skill      XL: |  1  2 |
---------------+-------+-----
Stealth        | 5 |  5.3
Hexes          | 4 |  4.0
Short Blades   | |  1.1
Dodging        | |  3.0
Spellcasting   | |  2.6
Ice Magic      | |  0.4
Invocations    | |  0.1

Action                   || total
-------------------------++-------
Melee: Dagger            ||    33
 Cast: Corona            ||     4
       Ensorcelled Hiber ||     2
 Stab: Sleeping          ||     6
Armor: Robe              ||     2
Dodge: Dodged            ||    21
